 Dungeon Crawl Stone Soup version 0.25.0-46-gbd7b0854d2 (webtiles) character file.

Game seed: 17243566006573751816

9342 Aviak the Blocker (level 11, -12/76 HPs)
             Began as an Octopode Transmuter on July 12, 2020.
             Was an Initiate of Gozag.
             Mangled by a spiny frog (24 damage)
             ... on level 2 of the Lair of Beasts.
             The game lasted 00:22:25 (14934 turns).

Aviak the Blocker (Octopode Transmuter)            Turns: 14934, Time: 00:22:25

Health: -12/76     AC:  2    Str: 10    XL:     11   Next: 45%
Magic:  16/17      EV: 20    Int: 19    God:    Gozag
Gold:   273        SH:  0    Dex: 20    Spells: 4/19 levels left

rFire    . . .     SeeInvis .     - Unarmed
rCold    . . .     Gourm    .   (shield currently unavailable)
rNeg     . . .     Faith    .   (helmet restricted)
rPois    .         Spirit   .   (no amulet)
rElec    .         Reflect  .   E - +4 ring of evasion
rCorr    .         Harm     .   s - +6 ring of dexterity
MR       .....                  v - ring of wizardry
Stlth    +++.......             (no ring)
HPRegen  0.22/turn              (no ring)
MPRegen  0.15/turn              (no ring)
                                (no ring)
                                (no ring)

@: lethally poisoned (-12 -> -13), about to teleport, blade tentacles
(expiring), very slightly contaminated
A: almost no armour, stealthy swim, amphibious, 8 rings, constrict 8, rugged
brown scales 1, camouflage 1, agile 1, gelatinous body 1, subdued magic 1,
MP-powered wands
a: End Transformation, Potion Petition, Call Merchant, Bribe Branch, Renounce
Religion


You were on level 2 of the Lair of Beasts.
You worshipped Gozag.
Gozag was aware of your devotion.
You were not hungry.
You had blades for tentacles.
You visited 3 branches of the dungeon, and saw 13 of its levels.
You also visited: Ossuary.

You collected 872 gold pieces.
You spent 480 gold pieces at shops.
You paid 119 gold pieces to Gozag.

Inventory:

Missiles
 a - 92 arrows
Armour
 m - a +2 kite shield (melded)
Jewellery
 s - a +6 ring of dexterity (right scythe-like blade)
 v - a ring of wizardry (on tentacle)
 E - a +4 ring of evasion (left scythe-like blade)
Wands
 c - a wand of clouds (6)
 e - a wand of paralysis (4)
 n - a wand of iceblast (8)
 y - a wand of flame (26)
 B - a wand of random effects (20)
 G - a wand of disintegration (16)
Scrolls
 g - 2 scrolls of immolation
 i - 2 scrolls of identify
 j - 3 scrolls of random uselessness
 k - 4 scrolls of enchant armour
 o - 2 scrolls of magic mapping {unknown}
 p - a scroll of fog
 q - 2 scrolls of enchant weapon {unknown}
 r - 7 scrolls of remove curse
 t - 3 scrolls of teleportation
 u - a scroll of amnesia {unknown}
 w - a scroll of noise {unknown}
 x - a scroll of blinking
 C - a scroll of silence {unknown}
 D - a scroll of fear {unknown}
Potions
 b - 3 potions of mutation {!q}
 f - a potion of berserk rage
 l - 2 potions of brilliance
 z - 2 potions of resistance
 A - 2 potions of stabbing
Miscellaneous
 F - a tin of tremorstones (3/3)
Comestibles
 d - 13 rations


   Skills:
 + Level 6.4 Fighting
 - Level 4.5 Dodging
 - Level 11.0 Shields
 + Level 7.5 Unarmed Combat
 - Level 4.5 Spellcasting
 + Level 7.5 Transmutations
 - Level 3.0 Poison Magic


You had 4 spell levels left.
You knew the following spells:

 Your Spells              Type           Power        Failure   Level  Hunger
a - Beastly Appendage     Tmut           ####..       4%          1    None
b - Sticks to Snakes      Tmut           ####....     4%          2    #......
c - Spider Form           Tmut/Pois      ###.......   12%         3    ###....
d - Blade Hands           Tmut           ####......   24%         5    ######.
e - Ice Form              Ice/Tmut       ##......     34%         4    ####...

Your spell library contained the following spells:

 Spells                   Type           Power        Failure   Level  Hunger


Dungeon Overview and Level Annotations

Branches:
Dungeon (10/15)            Temple (1/1) D:6            Lair (2/6) D:9
 Shoals (0/4) Lair:2          Orc (0/2) D:10        Ossuary (visited)
  Snake: Lair:2-4    Spider: Lair:2-4

Altars:
Ashenzari
Cheibriados
Dithmenos
Elyvilon
Fedhas
Gozag
Hepliaklqana
Kikubaaqudgha
Makhleb
Nemelex Xobeh
Okawaru
Qazlal
Ru
Sif Muna
Trog
Uskayaw
Vehumet
Wu Jian
Xom
Yredelemnul
Zin
The Shining One

Shops:
D:4 =   D:5 [   D:9 !}::

Annotations:
D:3 2 transporters, qeurul's ghost, amateur GnSk


Innate Abilities, Weirdness & Mutations

You cannot wear most types of armour.
You are very stealthy in the water. (Stealth+)
You are amphibious.
You can wear up to eight rings at the same time.
You can use your tentacles to constrict eight enemies at once.
Your skin changes colour to match your surroundings (Stealth+).
Your rubbery body absorbs attacks. (AC +1, EV +1)
You are partially covered in rugged brown scales. (AC +1, +3% HP)
You are agile. (Dex +2)
Your spells are a little easier to cast, but a little less powerful.
You expend magic power (3 MP) to strengthen your wands.


Message History

The electric eel shoots out a bolt of lightning at you!
The bolt of electricity hits you! The spiny frog barely misses you.
Found a chain mail, a potion of stabbing and a ration.
Found an escape hatch in the floor.
Found a staircase to the Shoals.
A porcupine comes into view.
Okay, then.
The porcupine bites you!
* * * LOW HITPOINT WARNING * * *
Found a mace.
Unknown command.
You feel much better. The porcupine misses you.
The spiny frog barely misses you. The porcupine barely misses you.
As you read the scroll of teleportation, it crumbles to dust.
You feel strangely unstable.
You feel sick. The spiny frog stings you!!
* * * LOW HITPOINT WARNING * * *
The porcupine completely misses you.
Unknown command.
The spiny frog stings you!!
You die...
Your body crumbles into a pile of gold.

.. ./+ .. ..P.
........(..... ..
...............%...
..
................).
.. ≈ .≈............
.. #≈ #≈≈..........
#≈###........>..
;..≈≈..P#....#
≈.>.#≈..F@.#.##
.;...≈≈.r.....#
≈≈.≈≈≈...t.......
#.≈##≈.........P. .
##........###
[........#
..........#
............#
.....!......##


You could see a spiny frog, a crocodile and a porcupine.

Vanquished Creatures
  2 unseen horrors (D:10)
  A gargoyle (D:5)
  Maggie (D:10)
  2 centaur skeletons (D:10)
  A rime drake (Lair:1)
  A troll (D:9)
  A hornet (D:8)
  A hippogriff (D:8)
  8 yaks
  A human (D:7)
  3 hogs (D:7)
  4 hungry ghosts
  Menkaure (Ossuary)
  A water moccasin (Lair:2)
  4 porcupines (Lair:1)
  2 orc warriors
  A sky beast (D:8)
  A black bear (D:8)
  A phantom (D:9)
  5 wolves
  3 ogres
  2 centaurs
  3 crocodiles
  9 bullfrogs
  A scorpion (D:4)
  4 wights (D:10)
  6 crimson imps
  8 hounds
  A jelly (D:8)
  A bullfrog zombie (D:10)
  8 orc priests
  2 bullfrog skeletons (D:4)
  6 orc wizards
  2 iguanas
  4 worker ants
  3 hound zombies
  A hound skeleton (D:7)
  3 mummies (Ossuary)
  4 gnolls (D:8)
  16 adders
  A river rat (D:6)
  A shadow imp (D:6)
  3 oozes
  An adder skeleton (D:2)
  3 worms
  A dart slug (D:2)
  3 leopard geckos
  27 orcs
  3 giant cockroaches
  2 goblins
  4 hobgoblins
  22 jackals
  7 quokkas
  A ball python (D:3)
  10 bats
  6 frilled lizards
  4 gnoll skeletons (Ossuary)
  6 gnoll zombies (Ossuary)
  3 goblin skeletons (Ossuary)
  4 goblin zombies (Ossuary)
  3 hobgoblin skeletons (Ossuary)
  8 hobgoblin zombies (Ossuary)
  6 kobolds
  3 kobold skeletons (Ossuary)
  A kobold zombie (Ossuary)
  5 orc skeletons (Ossuary)
  An orc zombie (Ossuary)
  A quokka skeleton (D:4)
  10 rats
  7 rat skeletons (Ossuary)
  4 rat zombies (Ossuary)
290 creatures vanquished.

Vanquished Creatures (others)
  A rat zombie (Ossuary)
1 creature vanquished.

Grand Total: 291 creatures vanquished

Notes
Turn   | Place    | Note
-------+----------+-------------------------------------------
     0 | D:1      | Aviak the Octopode Transmuter began the quest for the Orb.
     0 | D:1      | Reached XP level 1. HP: 13/13 MP: 3/3
     4 | D:1      | You fall into a shaft and drop 1 floor!
    24 | D:2      | Reached XP level 2. HP: 12/18 MP: 3/5
   553 | D:1      | Reached XP level 3. HP: 16/24 MP: 4/6
   572 | D:1      | Learned a level 2 spell: Sticks to Snakes
   576 | D:1      | Learned a level 3 spell: Spider Form
  1560 | D:2      | Reached skill level 1 in Poison Magic
  1599 | D:2      | Reached XP level 4. HP: 27/29 MP: 6/8
  1917 | D:3      | Noticed a necrophage
  1919 | D:3      | Found a transporter.
  1919 | D:3      | Noticed qeurul's ghost (amateur GnSk)
  2136 | D:3      | Found a transporter.
  2296 | D:3      | Found a shadowy altar of Dithmenos.
  2307 | D:3      | Reached XP level 5. HP: 23/34 MP: 6/9
  2720 | D:3      | Found a radiant altar of Vehumet.
  2720 | D:3      | Found a snail-covered altar of Cheibriados.
  2721 | D:3      | Found a hide-covered altar of Uskayaw.
  3005 | D:4      | Reached XP level 6. HP: 39/39 MP: 6/11
  3079 | D:4      | Found Zeicous's Jewellery Shoppe.
  3089 | D:4      | Found a stormy altar of Qazlal.
  3255 | D:4      | Found a burning altar of Makhleb.
  3256 | D:4      | Found a bloodstained altar of Trog.
  3257 | D:4      | Found a shimmering altar of Xom.
  3257 | D:4      | Found a sparkling altar of Nemelex Xobeh.
  3890 | D:5      | Entered Level 5 of the Dungeon
  4068 | D:5      | Found an ornate altar of the Wu Jian Council.
  4076 | D:5      | Found Icryuze's Antique Armour Shoppe.
  4086 | D:5      | Reached XP level 7. HP: 29/45 MP: 12/12
  4111 | D:5      | Found a sand-covered staircase.
  4129 | Ossuary  | Entered an ossuary
  4706 | Ossuary  | Noticed Menkaure
  4727 | Ossuary  | Gained mutation: Your spells are a little easier to cast,
                  | but a little less powerful. [potion of mutation]
  4727 | Ossuary  | Gained mutation: You expend magic power (3 MP) to
                  | strengthen your wands. [potion of mutation]
  4727 | Ossuary  | Gained mutation: You are agile. (Dex +2) [potion of
                  | mutation]
  4727 | Ossuary  | Gained mutation: You are partially covered in rugged brown
                  | scales. (AC +1, +3% HP) [potion of mutation]
  4743 | Ossuary  | Killed Menkaure
  5445 | D:5      | Reached skill level 5 in Transmutations
  5445 | D:5      | Reached XP level 8. HP: 47/51 MP: 14/14
  5540 | D:5      | Noticed a gargoyle
  5598 | D:5      | Killed a gargoyle
  5994 | D:6      | Found a staircase to the Ecumenical Temple.
  6027 | Temple   | Entered the Ecumenical Temple
  6293 | D:6      | Reached skill level 1 in Shields
  6293 | D:6      | Reached skill level 5 in Unarmed Combat
  6376 | D:6      | Reached skill level 2 in Shields
  6598 | D:6      | Reached skill level 3 in Shields
  7133 | D:7      | Reached skill level 4 in Shields
  7153 | D:7      | Reached skill level 5 in Shields
  7199 | D:7      | Reached XP level 9. HP: 55/57 MP: 15/15
  7460 | D:7      | Reached skill level 6 in Shields
  7544 | D:7      | Reached skill level 7 in Shields
  7571 | D:7      | Reached skill level 8 in Shields
  8182 | D:8      | Found a basalt altar of Yredelemnul.
  8415 | D:8      | Reached skill level 9 in Shields
  8509 | D:8      | Noticed a hornet
  8526 | D:8      | Killed a hornet
  8584 | D:8      | Reached XP level 10. HP: 23/64 MP: 13/16
  9024 | D:8      | Reached skill level 10 in Shields
  9687 | D:7      | Found an iron altar of Okawaru.
  9981 | D:9      | Found a shimmering altar of Xom.
  9982 | D:9      | Found a shimmering altar of Xom.
 10074 | D:9      | Found a staircase to the Lair.
 10363 | D:9      | Reached skill level 11 in Shields
 10486 | D:9      | Found a burning altar of Makhleb.
 10764 | D:9      | Found Ijunuih's Gadget Shop.
 10768 | D:9      | Found Oghugrum's Distillery.
 10769 | D:9      | Found Attak's Book Shop.
 10773 | D:9      | Found Deoclin's Book Shop.
 10776 | D:9      | Bought a potion of heal wounds for 60 gold pieces
 10776 | D:9      | Bought a potion of heal wounds for 60 gold pieces
 11127 | D:9      | Found a shimmering altar of Xom.
 11131 | D:9      | Found a shimmering altar of Xom.
 11241 | D:9      | Found a shimmering altar of Xom.
 11241 | D:9      | Found a shimmering altar of Xom.
 11298 | D:9      | Found an opulent altar of Gozag.
 11503 | D:9      | Became a worshipper of Gozag Ym Sagoz the Greedy
 11556 | D:10     | Entered Level 10 of the Dungeon
 11934 | D:10     | Learned a level 5 spell: Blade Hands
 11939 | D:10     | Learned a level 4 spell: Ice Form
 12176 | D:10     | Found a staircase to the Orcish Mines.
 12671 | D:10     | Killed an unseen horror
 12671 | D:10     | Reached skill level 5 in Fighting
 12671 | D:10     | Reached XP level 11. HP: 27/74 MP: 14/17
 12929 | D:10     | Killed an unseen horror
 13260 | D:10     | Noticed Maggie
 13277 | D:10     | Killed Maggie
 13739 | D:9      | Bought a wand of clouds (6) for 360 gold pieces
 13777 | Lair:1   | Entered Level 1 of the Lair of Beasts
 14900 | Lair:1   | You fall into a shaft and drop 1 floor!
 14930 | Lair:2   | Found a staircase to the Shoals.
 14934 | Lair:2   | Mangled by a spiny frog

Illustrated notes

Levels and vault maps discovered:
D:1:      dpeg_arrival_solitude, layout_rooms
D:2:      layout_loops_cross
D:3:      layout_loops_ring, nicolae_dithmenos_shadow_blocks,
          gammafunk_temple_overflow_claw, gammafunk_ghost_mausoleum
D:4:      layout_loops_ring, chequers_temple_overflow_statue_of_worship,
          lemuel_crystal_altar, serial_shops, kennysheep_mini_moat,
          minmay_hedge_maze
D:5:      layout_basic, old_standard_altar,
          lightli_ossuary_entry_decrepit_ruins, serial_shops, shop, first_ration
D:6:      layout_rooms, minmay_temple_entry_sparse_star, gup_sewer_entry_bowl,
          uniq_menkaure
D:7:      layout_basic, nicolae_overflow_hidden_temple, grunt_livestock
D:8:      layout_layer_cave, kennysheep_mini
D:9:      layout_small_grid, grunt_gozag_breadcrumbs, erik_lair_island,
          basic_altar, minmay_shop_grid_forest, xom_redecorated
D:10:     layout_long_grid, david_orc_2, uniq_maggie
Temple:   compressed_dpeg_triangle_lava_temple
Lair:1:   layout_layer_cave, hangedman_lair_unloving_vines, minivault_24,
          beast_lair_carwin_6, infiniplex_staircase_pool
Lair:2:   layout_roguey, elwin_shoals_entry_rocks, serial_bayou_shore_a,
          grunt_megastairs_2

Skill      XL: |  1  2  3  4  5  6  7  8  9 10 11 |
---------------+----------------------------------+-----
Fighting       | 2 3 5 6 |  6.4
Poison Magic   | 1 2 3 |  3.0
Transmutations | 3 4 5 6 7 |  7.5
Spellcasting   | 3 4 |  4.5
Dodging        | 3 4 |  4.5
Unarmed Combat | 4 5 6 7 |  7.5
Shields        | 5 9 11 | 11.0

Action                   |  1- 3 |  4- 6 |  7- 9 | 10-12 || total
-------------------------+-------+-------+-------+-------++-------
Melee: Unarmed           |    81 |   145 |   389 |   432 ||  1047
       Constrict         |    20 |    33 |    34 |    23 ||   110
       Tentacles         |    14 |    27 |    37 |    39 ||   117
       Kick              |    14 |    20 |       |     3 ||    37
       Punch             |       |     5 |     2 |     9 ||    16
 Cast: Beastly Appendage |    14 |    13 |       |     1 ||    28
       Spider Form       |       |     4 |    23 |    27 ||    54
       Sticks to Snakes  |       |       |     5 |     1 ||     6
       Blade Hands       |       |       |       |     1 ||     1
Evoke: Wand              |       |       |     6 |     3 ||     9
  Use: Potion            |       |       |    10 |     4 ||    14
       Scroll            |       |       |       |    12 ||    12
 Stab: Sleeping          |     5 |     9 |     4 |     1 ||    19
       Distracted        |       |       |       |     2 ||     2
  Eat: Chunk             |     2 |     5 |     4 |     9 ||    20
       Ration            |       |     1 |     4 |     5 ||    10
Armor: Skin              |    17 |     4 |    14 |    13 ||    48
Dodge: Dodged            |    65 |    98 |   278 |   350 ||   791
Block: Kite shield       |       |       |    33 |    83 ||   116
